 Dungeon Crawl Stone Soup version 0.29-a0-40-g8eb35efe60 (webtiles) character file.

Game seed: 13953916375621477303

81 HallandMoats the Skirmisher (level 4, -2/40 HPs)
             Began as a Ghoul Monk on Feb 1, 2022.
             Slain by a gnoll (8 damage)
             ... on level 1 of the Dungeon.
             The game lasted 00:01:37 (1885 turns).

HallandMoats the Skirmisher (Ghoul Monk)            Turns: 1885, Time: 00:01:37

Health: -2/40      AC:  2    Str: 16    XL:     4   Next: 40%
Magic:  3/3        EV: 12    Int:  5    God:
Gold:   54         SH:  0    Dex: 11    Spells: 3/3 levels left

rFire   . . .      SeeInvis .     - Unarmed
rCold   + . .      Faith    .   (no shield)
rNeg    + + +      Spirit   .   a - +0 robe
rPois   ∞          Reflect  .   (no helmet)
rElec   .          Harm     .   (no cloak)
rCorr   .          Rampage  .   (no gloves)
Will    .....                   (no boots)
Stlth   ++........              b - amulet of the acrobat
HPRegen 0.00/turn               (no ring)
MPRegen 0.08/turn               (no ring)

@: inhibited regen
A: claws 1, cold resistance 1, negative energy resistance 3, inhibited
regeneration, torment resistance 2
a: no special abilities


You were on level 1 of the Dungeon.
You visited 1 branch of the dungeon, and saw 2 of its levels.

You collected 54 gold pieces.

Inventory:

Armour
 a - a +0 robe (worn)
Jewellery
 b - an amulet of the acrobat (around neck)
Scrolls
 d - 2 scrolls of immolation
 f - a scroll of identify {unknown}
 g - a scroll of fear {unknown}
Potions
 c - 2 potions of curing {unknown}
 e - a potion of brilliance {unknown}


   Skills:
 * Level 4.1 Fighting
 + Level 0.9 Armour
 + Level 3.0 Dodging
 - Level 2.1 Stealth
 * Level 4.1 Unarmed Combat
 + Level 1.2 Invocations


You had 3 spell levels left.
You didn't know any spells.
Your spell library contained the following spells:

 Spells                   Type           Power      Damage    Failure   Level
 Freeze                   Ice            0%         1d3       47%         1
 Frozen Ramparts          Ice            0%         1d2       85%         3
 Hailstorm                Conj/Ice       0%         3d3       99%         4
 Malign Gateway           Summ/Tloc      0%         N/A       100%        7
 Summon Horrible Things   Summ           0%         N/A       100%        8


Dungeon Overview and Level Annotations

Branches:
Dungeon (2/15)

Altars:


Innate Abilities, Weirdness & Mutations

You thrive by killing the living.
You are immune to poison.
You have sharp fingernails.
Your flesh is cold resistant. (rC+)
You are immune to negative energy. (rN+++)
You do not regenerate when monsters are visible.
You are immune to unholy pain and torment.


Message History

There is a stone staircase leading up here.
The gnoll misses you.
There is a stone staircase leading up here.
The gnoll hits you from afar with a +0 spear.
The gnoll hits you from afar with a +0 halberd!
The gnoll misses you.
You climb upwards.
There is a stone staircase leading down here.
You scratch the gnoll.
The gnoll is lightly wounded.
The gnoll hits you with a +3 spear.
You closely miss the gnoll.
The gnoll is lightly wounded.
The gnoll barely misses you.
You scratch the gnoll.
The gnoll is heavily wounded.
The gnoll hits you with a +3 spear!
You scratch the gnoll but do no damage.
The gnoll is heavily wounded.
You barely miss the gnoll.
The gnoll is heavily wounded.
The gnoll closely misses you.
You closely miss the gnoll.
The gnoll is heavily wounded.
The gnoll hits you with a +3 spear.
* * * LOW HITPOINT WARNING * * *
You barely miss the gnoll.
The gnoll is heavily wounded.
The gnoll barely misses you.
You scratch the gnoll but do no damage.
The gnoll is heavily wounded.
The gnoll hits you with a +3 spear.
* * * LOW HITPOINT WARNING * * *
You barely miss the gnoll.
The gnoll is heavily wounded.
The gnoll misses you.
You scratch the gnoll but do no damage.
The gnoll is heavily wounded.
The gnoll hits you with a +3 spear!
You die...

#..#.##.##..###.....
#.....#.##..# ##....
##.#.##..#..# ##.#.
#.#.##.#...# #.#.
#.....###..# #.#.
##..#.## ##.# ###.#.
#......###..# #.....
#.##.##.#...###.###.
#..@.##.......>.# #.
#...g.......###.###.
#....##.............
##..#.##.###.########
#........# #.###
#############.....####
#...#
................).#
###.#
#############.....#
#.# #.....# #.#


You could see a gnoll.

Vanquished Creatures
  An orc priest (D:1)
  An orc wizard (D:2)
  A gnoll (D:1)
  3 orcs (D:1)
  2 ball pythons (D:1)
  4 endoplasms (D:1)
  A goblin (D:1)
  3 hobgoblins
  A bat (D:2)
17 creatures vanquished.

Notes
Turn   | Place    | Note
-------+----------+-------------------------------------------
     0 | D:1      | HallandMoats the Ghoul Monk began the quest for the Orb.
     0 | D:1      | Reached XP level 1. HP: 19/19 MP: 0/0
   585 | D:1      | Found a faded altar of an unknown god.
   587 | D:1      | Reached XP level 2. HP: 26/26 MP: 1/1
  1292 | D:1      | Reached skill level 1 in Invocations
  1292 | D:1      | Reached XP level 3. HP: 9/33 MP: 2/2
  1530 | D:2      | Reached XP level 4. HP: 23/40 MP: 3/3
  1885 | D:1      | Slain by a gnoll

Illustrated notes

Levels and vault maps discovered:
D:1:      lightli_arrival_flooded_house, layout_loops_ring,
          hellmonk_ecumenical_altar_blasted, minmay_pentomino_v2
D:2:      layout_basic, chequers_serial_rivers_room_b, chequers_arboretum,
          skrybe_limestone_x, minmay_unequal

Skill      XL: |  1  2  3 |
---------------+----------+-----
Invocations    | 1 |  1.2
Fighting       | 4 |  4.1
Dodging        | 3 |  3.0
Unarmed Combat | 4 |  4.1
Armour         | |  0.9
Stealth        | |  2.1

Action                   |  1- 3 |  4- 6 || total
-------------------------+-------+-------++-------
Melee: Unarmed           |    60 |    20 ||    80
       Punch             |     2 |       ||     2
 Stab: Sleeping          |       |     1 ||     1
Armor: Robe              |     5 |       ||     5
Dodge: Dodged            |    22 |    10 ||    32

Table legend: (Time is in decaauts)
 A = Elapsed time spent in this place.
 B = Non-inter-level travel time spent in this place.
 C = Inter-level travel time spent in this place.
 D = Time resting spent in this place.
 E = Time spent auto-exploring this place.
 F = Levels seen in this place.
 G = Mean time per level.
                   A        B        C        D        E       F      G
               +--------+--------+--------+--------+--------+-----+--------+
         Total |   1884 |   1835 |     49 |    724 |    909 |   2 |  942.0 |
       Dungeon |   1884 |   1835 |     49 |    724 |    909 |   2 |  942.0 |
               +--------+--------+--------+--------+--------+-----+--------+

Top non-repeatable levels by time:
     D:1: 1639 daAuts
     D:2: 244 daAuts
